 Dungeon Crawl Stone Soup version 0.28.0 (webtiles) character file.

Game seed: 9771346683825479037

721 ProzacElf the Chucker (level 7, -1/56 HPs)
             Began as a Merfolk Hunter on Feb 16, 2022.
             Was an Initiate of Yredelemnul.
             Killed by nerve-wracking pain
             ... invoked by an orc priest
              (6 damage)
             ... on level 5 of the Dungeon.
             The game lasted 00:10:52 (6180 turns).

ProzacElf the Chucker (Merfolk Hunter)              Turns: 6180, Time: 00:10:52

Health: -1/56      AC:  9    Str: 14    XL:     7   Next: 70%
Magic:  11/11      EV: 12    Int: 11    God:    Yredelemnul [......]
Gold:   270        SH:  4    Dex: 14    Spells: 6/6 levels left

rFire   . . .      SeeInvis .   b - +0 dagger (venom)
rCold   . . .      Faith    .   (no shield)
rNeg    . . .      Spirit   .   m - +0 ring mail
rPois   .          Reflect  .   (no helmet)
rElec   .          Harm     .   (no cloak)
rCorr   .          Rampage  .   x - +0 pair of gloves
Will    .....                   n - +2 pair of boots
Stlth   +.........              (no amulet)
HPRegen 0.18/turn               (no ring)
MPRegen 0.12/turn               (no ring)

@: no status effects
A: (nimble swimmer 2), mertail, large bone plates 1, high MP 1
a: Renounce Religion, Recall Undead Harvest


You were on level 5 of the Dungeon.
You worshipped Yredelemnul.
Yredelemnul was noncommittal.
You visited 2 branches of the dungeon, and saw 6 of its levels.

You collected 270 gold pieces.

Inventory:

Hand Weapons
 a - a +4 falchion
 b - a +0 dagger of venom (weapon)
 l - a +4 dagger
 E - a +1 vorpal hand axe
 G - a +0 short sword
Missiles
 c - 5 javelins (quivered)
 d - 2 throwing nets
 h - 116 stones
Armour
 k - a +0 leather armour
 m - a +0 ring mail (worn)
 n - a +2 pair of boots (worn)
 x - a +0 pair of gloves (worn)
 F - a +0 scale mail
Wands
 H - a wand of charming (8)
Scrolls
 f - 2 scrolls of immolation
 g - a scroll of blinking {unknown}
 i - 7 scrolls of identify {unknown}
 o - a scroll of enchant armour {unknown}
 p - a scroll of magic mapping {unknown}
 q - a scroll of amnesia {unknown}
 v - a scroll of teleportation {unknown}
 w - 2 scrolls of holy word {unknown}
 y - 2 scrolls of fog {unknown}
 z - a scroll of brand weapon {unknown}
 A - a scroll of enchant weapon {unknown}
 C - a scroll of noise {unknown}
 D - a scroll of silence {unknown}
Potions
 e - a potion of degeneration {unknown}
 j - 3 potions of mutation
 r - 3 potions of attraction {unknown}
 s - a potion of flight {unknown}
 t - a potion of haste
 u - a potion of resistance {unknown}
 B - a potion of berserk rage {unknown}
 I - 2 potions of heal wounds {unknown}


   Skills:
 - Level 5.0 Fighting
 - Level 5.0 Throwing
 + Level 1.9 Armour
 - Level 5.0 Dodging
 - Level 1.1 Stealth
 - Level 5.0 Invocations


You had 6 spell levels left.
You didn't know any spells.
Your spell library contained the following spells:

 Spells                   Type           Power      Damage    Failure   Level
 Corpse Rot               Necr/Air       0%         N/A       71%         2
 Dispel Undead            Necr           0%         3d6       100%        4
 Death Channel            Necr           Unusable   N/A       N/A         6

Dungeon Overview and Level Annotations

Branches:
Dungeon (5/15)             Temple (1/1) D:4

Altars:
Ashenzari
Cheibriados
Dithmenos
Fedhas
Hepliaklqana
Kikubaaqudgha
Makhleb
Nemelex Xobeh
Okawaru
Qazlal
Trog
Uskayaw
Vehumet
Wu Jian
Xom
Yredelemnul
The Shining One

Shops:
D:1 (


Innate Abilities, Weirdness & Mutations

((You are very nimble when in or above water. (Stealth+, EV+, Speed+++)))
Your lower body shifts to a powerful aquatic tail in water.
You are partially covered in large bone plates. (SH +4)
You have an increased reservoir of magic. (+10% MP)


Message History

Tha adder zombie bites ye but does nay damage.
Ye slash tha adder zombie!
Tha adder zombie be heavily damaged.
Tha adder zombie bites ye but does nay damage.
Ye block tha adder zombie's attack.
Ye hit tha adder zombie.
Tha adder zombie be severely damaged.
Tha adder zombie bites ye but does nay damage.
Ye hit tha adder zombie.
Ye destroy tha adder zombie!
Nay target in view!
Yer +0 dagger o' venom begins ta drip wit' poison!
b - a +0 dagger o' venom (weapon)
An ogre comes inta view.
It be wieldin' a +0 giant club.
Tha ogre hits ye wit' a +0 giant club!!
Ye take 19 damage, an' haf 37/56 hp.
MASSIVE DAMAGE!!
Ye closely miss tha ogre.
An orc priest comes inta view.
It be wieldin' a +0 dagger.
Ye barely miss tha ogre.
Tha ogre hits ye wit' a +0 giant club!!
* * * LOW HITPOINT WARNIN'
* * * Ye take 25 damage, an' haf 13/56 hp.
MASSIVE DAMAGE!!
Ye be too injured ta fight recklessly!
Ye be too injured ta fight recklessly!
Ye swap places.
Tha orc priest invokes tha aid o' Beogh against ye.
Beogh smites ye!
* * * LOW HITPOINT WARNIN'
* * * Tha ogre hits yer iguana zombie wit' a +0 giant club!
Yer iguana zombie bites tha ogre.
Eustachio barely misses tha ogre.
Ye take 9 damage, an' haf 4/56 hp.
Tha ogre hits yer iguana zombie wit' a +0 giant club!!
Yer iguana zombie be destroyed!
Eustachio hits tha ogre.
Tha orc priest casts a cantrip, but nuthin' happens.
Eustachio hits tha ogre.
Eustachio hits tha ogre but does nay damage.
Tha orc priest calls down tha wrath o' Beogh upon ye.
Pain shoots through yer body!
Ye die...
Yer body rises from tha dead as a mindless zombie.

#.......###.######
#................#
#................#
#................#
...............#########.
#.............##.........
#.............##.........
#..........O.Z...........
#.......@................
############.o...........
###.............
.................
.......##.<.......
.......##.........
.......##.........
.......#$.........
.......#..........


You could see an ogre (ally target), an orc priest and the friendly Eustachio
the human zombie.

Vanquished Creatures
  Eustachio (D:5)
  A black bear (D:4)
  A sky beast (D:3)
  A scorpion (D:4)
  A hound (D:4)
  Jessica (D:3)
  An iguana (D:5)
  Natasha (D:4)
  An orc wizard (D:5)
  7 adders
  2 adder skeletons (D:4)
  An adder zombie (D:5)
  A worm (D:2)
  A dart slug (D:2)
  10 orcs
  6 bats
  3 endoplasms (D:1)
  2 giant cockroaches (D:2)
  4 hobgoblins
  3 jackals (D:2)
  7 quokkas
  7 ball pythons
  A frilled lizard (D:3)
  7 goblins
  5 kobolds
  3 rats
79 creatures vanquished.

Vanquished Creatures (collateral kills)
  A centaur skeleton (D:5)
  An adder (D:3)
  2 goblins (D:3)
  2 hobgoblins (D:3)
  3 ball pythons (D:3)
  2 rats (D:3)
11 creatures vanquished.

Vanquished Creatures (others)
  An iguana zombie (D:5)
  A bat zombie (D:3)
  2 ball python zombies (D:3)
  An orc zombie (D:5)
  A quokka zombie (D:3)
6 creatures vanquished.

Grand Total: 96 creatures vanquished

Notes
Turn   | Place    | Note
-------+----------+-------------------------------------------
     0 | D:1      | ProzacElf the Merfolk Hunter began the quest for the Orb.
     0 | D:1      | Reached XP level 1. HP: 16/16 MP: 1/1
   160 | D:1      | Reached XP level 2. HP: 20/22 MP: 2/2
   194 | D:1      | Found Tyurargh's Antique Weapon Emporium.
  1069 | D:1      | Reached XP level 3. HP: 17/27 MP: 3/3
  1695 | D:2      | Gained mutation: You are partially covered in large bone
                  | plates. (SH +4) [potion of mutation]
  1695 | D:2      | Gained mutation: You have an increased reservoir of magic.
                  | (+10% MP) [potion of mutation]
  1700 | D:2      | HP: 2/40 [poisoned by an adder]
  2291 | D:2      | Reached XP level 4. HP: 31/33 MP: 4/4
  2878 | D:2      | Found a faded altar of an unknown god.
  2898 | D:2      | Reached skill level 5 in Throwing
  3072 | D:2      | Prayed at the altar of an unknown god.
  3072 | D:2      | Became a worshipper of Yredelemnul the Dark
  3072 | D:2      | Reached * piety under Yredelemnul
  3508 | D:3      | Reached skill level 5 in Dodging
  3508 | D:3      | Reached skill level 1 in Invocations
  3551 | D:3      | Found a sparkling altar of Nemelex Xobeh.
  3598 | D:3      | Reached XP level 5. HP: 31/38 MP: 6/6
  3604 | D:3      | Noticed a sky beast
  3617 | D:3      | Killed a sky beast
  3759 | D:3      | Noticed Jessica
  3764 | D:3      | Reached ** piety under Yredelemnul
  3773 | D:3      | Killed Jessica
  3774 | D:3      | Reached XP level 6. HP: 31/44 MP: 9/9
  4004 | D:3      | You fall into a shaft and drop 2 floors!
  4004 | D:5      | Entered Level 5 of the Dungeon
  4004 | D:5      | Noticed a black bear
  4029 | D:4      | Killed a black bear
  4108 | D:3      | Found a blossoming altar of Fedhas.
  4108 | D:3      | Found a snail-covered altar of Cheibriados.
  4109 | D:3      | Found a burning altar of Makhleb.
  4209 | D:3      | Found a faded altar of an unknown god.
  4475 | D:4      | Noticed Natasha
  4480 | D:4      | Killed Natasha
  4576 | D:4      | Reached skill level 5 in Invocations
  4576 | D:4      | Reached XP level 7. HP: 53/53 MP: 11/11
  4875 | D:4      | Found a staircase to the Ecumenical Temple.
  4893 | Temple   | Entered the Ecumenical Temple
  5546 | D:5      | Noticed Eustachio
  5579 | D:5      | Killed Eustachio
  5580 | D:5      | Reached skill level 5 in Fighting
  5580 | D:5      | Reached skill level 1 in Armour
  6180 | D:5      | Killed from afar by an orc priest

Illustrated notes

Levels and vault maps discovered:
D:1:      mrwooster_arrival_statue_2, layout_loops_cross, serial_shops,
          nicolae_shop_overgrown_old_shop, minmay_3d_cube
D:2:      layout_loops_corners, hellmonk_ecumenical_altar_blasted
D:3:      layout_rooms, nicolae_overflow_ecumenical_swirl,
          mainiacjoe_overflow_small_starburst, gammafunk_temple_overflow_claw,
          serial_curves, eino_curves_02, eino_curves_01,
          kennysheep_jessica_study
D:4:      layout_loops_corners, minmay_temple_entry_mist, uniq_natasha
D:5:      layout_basic, uniq_eustachio
Temple:   cyrus_circular_temple

Skill      XL: |  1  2  3  4  5  6  7 |
---------------+----------------------+-----
Dodging        | 3 4 5 |  5.0
Throwing       | 5 |  5.0
Invocations    | 1 4 5 |  5.0
Fighting       | 3 5 |  5.0
Armour         | 1 |  1.9
Stealth        | |  1.1

Action                   |  1- 3 |  4- 6 |  7- 9 || total
-------------------------+-------+-------+-------++-------
Melee: Short sword       |   107 |     2 |       ||   109
       Punch             |     5 |     1 |       ||     6
       Dagger            |       |   144 |    93 ||   237
       Falchion          |       |       |     6 ||     6
       Tailslap          |       |       |     1 ||     1
Throw: Javelin           |    15 |       |       ||    15
Invok: Recall Undead Har |       |     1 |       ||     1
  Use: Potion            |     2 |       |       ||     2
 Stab: Sleeping          |     1 |       |       ||     1
Armor: Leather armour    |    27 |     5 |       ||    32
       Skin              |     4 |       |       ||     4
       Ring mail         |       |    53 |    62 ||   115
Dodge: Dodged            |    86 |    63 |    73 ||   222
Block: Other             |     1 |    26 |    22 ||    49
